AoeStats
← Ruzkiller

Arabia

509262775Analyzed
1v1 RM · 6d ago on Sep 26, 2026· 53m 47s· 2 players
Game mode
Random Map
Map size
Tiny (2 player)
Population
200
Speed
Normal
Resources
Standard
Victory
Conquest
Starting age
Dark Age
Ending age
Imperial Age
RankedLock teamsTeams togetherTeam positionsShared explorationLock speedFull tech treeHidden civsTurbo modeCheats
Victory
Defeat
🇨🇴 Ethiopians · Colombia
687
+13
🇺🇸 Aztecs · United States
627
-13
Rhomduil8014
7:49 Loom
10:09 Feudal Age
11:26 Man-at-Arms
21:04 Fletching
21:15 Padded Archer Armor
24:05 Scale Mail Armor
24:18 Forging
24:29 Horse Collar
30:11 Castle Age
28:19 Arson
29:18 Double-Bit Axe
30:54 Bodkin Arrow
31:15 Leather Archer Armor
31:43 Eagle Warrior
34:38 Iron Casting
34:19 Chain Mail Armor
37:22 Bow Saw
44:57 Crossbowman
Ruzkiller
9:11 Feudal Age
7:27 Loom
12:42 Double-Bit Axe
16:12 Fletching
22:00 Castle Age
23:32 Bodkin Arrow
39:21 Wheelbarrow
39:57 Horse Collar
47:24 Imperial Age
Connection lost

Rejoining the realm…

Still unreachable

The connection could not be restored.

Session expired

The server has moved on; the page needs a fresh start.